 Dungeon Crawl Stone Soup version 0.25.1-2-g60ff931df9 (webtiles) character file.

Game seed: 10457945270006863558

38221 protoss039 the Eclecticist (level 13, -38/78 HPs)
             Began as a Deep Elf Earth Elementalist on Aug 2, 2020.
             Was a High Priest of Sif Muna.
             Killed from afar by Azrael (46 damage)
             ... with damnation
             ... on level 14 of the Dungeon.
             The game lasted 01:11:13 (22535 turns).

protoss039 the Eclecticist (DEEE)                  Turns: 22535, Time: 01:11:18

Health: -38/78     AC:  9    Str:  5    XL:     13   Next: 62%
Magic:  1/35       EV: 13    Int: 32    God:    Sif Muna [*****.]
Gold:   1068       SH:  0    Dex: 15    Spells: 11/44 levels left

rFire    . . .     SeeInvis .   O - staff of wizardry
rCold    . . .     Gourm    .   (no shield)
rNeg     . . .     Faith    .   u - +0 steam dragon scales
rPois    .         Spirit   .   Q - +0 helmet
rElec    .         Reflect  .   D - +0 cloak
rCorr    .         Harm     .   F - +0 pair of gloves
MR       +....                  o - +0 pair of boots
Stlth    ++........             L - amulet of the acrobat
HPRegen  0.23/turn              w - ring of wizardry
MPRegen  0.24/turn              j - +6 ring of intelligence

@: no status effects
A: no striking features
a: Channel Magic, Forget Spell, Divine Exegesis, Renounce Religion


You were on level 14 of the Dungeon.
You worshipped Sif Muna.
Sif Muna was extremely pleased with you.
You were not hungry.

You visited 2 branches of the dungeon, and saw 15 of its levels.
You also visited: Ice Cave.

You collected 1068 gold pieces.

Inventory:

Hand Weapons
 G - a +1 scimitar of flaming
 H - the +5 war axe of Putrescence {vorpal, rF+}
   (You found it on level 14 of the Dungeon)

   It inflicts extra damage upon your enemies.
   It protects you from fire.
Missiles
 t - 120 stones (quivered)
Armour
 o - a +0 pair of boots (worn)
 u - +0 steam dragon scales (worn)
 D - a +0 cloak (worn)
 F - a +0 pair of gloves (worn)
 Q - a +0 helmet (worn)
Magical Staves
 O - an uncursed staff of wizardry (weapon)
Jewellery
 j - a +6 ring of intelligence (right hand)
 w - a ring of wizardry (left hand)
 L - an amulet of the acrobat (around neck)
Wands
 c - a wand of enslavement (6)
 l - a wand of paralysis (8)
 m - a wand of polymorph (14)
 r - a wand of clouds (6)
Scrolls
 e - 4 scrolls of enchant armour
 f - 6 scrolls of teleportation
 g - 4 scrolls of fog {unknown}
 h - a scroll of magic mapping
 k - 3 scrolls of enchant weapon {unknown}
 y - 2 scrolls of blinking
 z - a scroll of fear
 B - 6 scrolls of remove curse
Potions
 a - 2 potions of ambrosia {unknown}
 b - 2 potions of stabbing {unknown}
 i - a potion of might {unknown}
 n - a potion of magic
 p - a potion of berserk rage {unknown}
 q - 4 potions of heal wounds
 s - a potion of resistance {unknown}
 v - a potion of cancellation {unknown}
 x - 2 potions of lignification {unknown}
 A - 3 potions of flight {unknown}
 C - 2 potions of mutation {unknown}
 E - 2 potions of curing
 I - 2 potions of degeneration {unknown}
 J - 2 potions of brilliance {unknown}
Comestibles
 d - 26 rations


   Skills:
 * Level 7.7 Fighting
 - Level 3.0 Dodging
 - Level 3.0 Stealth
 + Level 16.3 Spellcasting
 * Level 7.8 Conjurations
 - Level 4.0 Hexes
 - Level 2.0 Charms
 - Level 2.0 Transmutations
 - Level 2.0 Fire Magic
 - Level 2.0 Ice Magic
 + Level 13.4 Earth Magic
 * Level 10.0 Invocations


You had 11 spell levels left.
You knew the following spells:

 Your Spells              Type           Power        Failure   Level  Hunger
a - Sandblast             Erth           ######       0%          1    None
b - Passwall              Tmut/Erth      ######..     1%          2    None
c - Stone Arrow           Conj/Erth      ######       1%          3    None
d - Petrify               Tmut/Erth      ######..     1%          4    None
e - Lee's Rapid Deconstr  Erth           #######...   1%          5    None
f - Fireball              Conj/Fire      ######....   1%          5    None
g - Ozocubu's Armour      Chrm/Ice       #####...     1%          3    None
h - Cause Fear            Hex            ######....   1%          4    None
i - Iron Shot             Conj/Erth      #######...   1%          6    ##.....

Your spell library contained the following spells:

 Spells                   Type           Power        Failure   Level  Hunger
 Animate Skeleton         Necr           N/A          1%          1    None
 Corona                   Hex            ######.      1%          1    None
 Foxfire                  Conj/Fire      ####         1%          1    None
 Infusion                 Chrm           ####         1%          1    None
 Pain                     Necr           ####         1%          1    None
 Shroud of Golubria       Chrm/Tloc      ####..       1%          2    None
 Slow                     Hex            ######..     1%          2    None
 Song of Slaying          Chrm           #####...     1%          2    None
 Conjure Flame            Conj/Fire      ######..     1%          3    None
 Ignite Poison            Fire/Tmut/Pois ####....     1%          3    None
 Inner Flame              Hex/Fire       #####...     1%          3    None
 Portal Projectile        Hex/Tloc       #####.       1%          3    None
 Spectral Weapon          Hex/Chrm       #####...     1%          3    None
 Vampiric Draining        Necr           ####......   1%          3    None
 Ice Form                 Ice/Tmut       #####...     1%          4    None
 Iskenderun's Mystic Bla  Conj/Tloc      ######..     1%          4    None
 Leda's Liquefaction      Hex/Erth       ######....   1%          4    None
 Sticky Flame             Conj/Fire      ######..     1%          4    None
 Bolt of Magma            Conj/Fire/Erth ######....   1%          5    None
 Iskenderun's Battlesphe  Conj/Chrm      ######..     1%          5    None
 Metabolic Englaciation   Hex/Ice        #####.....   3%          5    None
 Animate Dead             Necr           N/A          4%          4    None
 Agony                    Necr           ####....     12%         5    None
 Orb of Destruction       Conj           ######....   14%         7    ####...
 Freezing Cloud           Conj/Ice/Air   #####.....   17%         6    ##.....
 Ozocubu's Refrigeration  Ice            #####.....   26%         6    ##.....
 Simulacrum               Ice/Necr       ####......   36%         6    ##.....
 Spellforged Servitor     Conj/Summ      ######....   54%         7    ####...
 Ring of Flames           Chrm/Fire      #####.....   78%         7    ####...


Dungeon Overview and Level Annotations

Branches:
Dungeon (14/15)            Temple (1/1) D:4            Lair (0/6) D:8
    Orc (0/2) D:11         Vaults (0/5) D:13          IceCv (visited)

Altars:
Ashenzari
Cheibriados
Dithmenos
Elyvilon
Fedhas
Gozag
Hepliaklqana
Kikubaaqudgha
Makhleb
Nemelex Xobeh
Okawaru
Qazlal
Ru
Sif Muna
Trog
Uskayaw
Vehumet
Wu Jian
Xom
Yredelemnul
Zin
The Shining One
Beogh

Annotations:
D:11 1 exclusion
D:14 1 runed translucent door, Azrael


Message History

* * * LOW HITPOINT WARNING * * *
The damnation engulfs Azrael.
Azrael completely resists.
Unknown command.
Unknown command.
Unknown command.
Press: ? - help, v - describe, . - travel
Here: Azrael, wielding a +2 scimitar of flaming (almost dead)
The floor.
Casting: Lee's Rapid Deconstruction (safe; 1% risk of failure)
Confirm with . or Enter, or press ? or * to list all spells.
Aiming: Lee's Rapid Deconstruction (safe; 1% risk of failure)
Press: ? - help, Dir - move target cursor A rock wall.
The wall shatters!
The blast of rock fragments hits Azrael.
Azrael is almost dead.
Azrael gestures at you.
The sphere of damnation explodes!
The damnation engulfs you!!!
Ouch! That really hurt!
You die...

#..# #>## #.# #.# #)# #.#
+#### ####'###### #
.....°####.........######
.....°○R@'.........'.....
.....)####.........######
....○ #.........# # ....
#.........# # ...
########'## .. ####.# #
##....# #..####
#####+#####
###.##########


You could see Azrael.

Vanquished Creatures
  2 centaur warriors (D:11)
  4 hydras
  An ogre mage (D:11)
  Erica (D:8)
  2 two-headed ogres
  5 skeletal warriors
  3 unseen horrors
  A deep elf mage (D:12)
  6 ugly things
  A wolf spider zombie (D:13)
  3 cyclopes
  2 manticores
  3 ice statues (IceCv)
  Maggie (D:6)
  Psyche (D:9)
  Joseph (D:8)
  2 gargoyles
  2 kobold demonologists
  2 rime drakes (D:14)
  An efreet (D:11)
  A komodo dragon (D:8)
  3 trolls
  3 meliai (D:14)
  2 hornets (D:11)
  Prince Ribbit (D:6)
  A wolf spider simulacrum (D:14)
  A centaur simulacrum (D:14)
  6 hippogriffs
  3 vampires
  2 shadows (D:11)
  A spriggan (D:7)
  2 basilisks
  8 yaks
  4 wyverns
  3 hungry ghosts
  4 fire elementals (D:14)
  9 vampire mosquitoes
  An acid dragon (D:8)
  A hell hound (D:14)
  A sky beast (D:14)
  A black bear (D:6)
  14 orc warriors
  6 ogres
  13 ice beasts
  2 phantoms
  3 eyes of draining
  12 centaurs
  4 crocodiles
  2 big kobolds
  8 bullfrogs
  A wyvern skeleton (D:10)
  2 scorpions
  7 wights
  17 killer bees
  2 vampire bats (D:2)
  6 howler monkeys
  5 crimson imps
  A quasit (D:9)
  2 centaur zombies
  9 orc priests
  A bullfrog zombie (D:7)
  8 jellies
  Crazy Yiuf (D:6)
  4 bullfrog skeletons
  A gnoll shaman (D:9)
  8 hounds
  4 centaur skeletons
  7 iguanas
  12 orc wizards
  9 worker ants
  A killer bee zombie (D:7)
  A hound skeleton (D:11)
  21 adders
  7 gnolls
  3 shadow imps
  2 worms
  A dart slug (D:3)
  6 leopard geckos
  66 orcs
  A ball python (D:3)
  5 bats
  3 bat skeletons (D:2)
  4 bat zombies (D:2)
  4 giant cockroaches
  4 goblins
  8 hobgoblins
  8 jackals
  5 quokkas
  4 frilled lizards
  A jackal skeleton (D:6)
  A jackal zombie (D:8)
  11 kobolds
  3 leopard gecko skeletons
  26 rats
469 creatures vanquished.

Vanquished Creatures (others)
  An orc wizard (D:4)
1 creature vanquished.

Grand Total: 470 creatures vanquished

Notes
Turn   | Place    | Note
-------+----------+-------------------------------------------
     0 | D:1      | protoss039 the Deep Elf Earth Elementalist began the quest
                  | for the Orb.
     0 | D:1      | Reached XP level 1. HP: 10/10 MP: 6/6
   146 | D:1      | Found a sparkling altar of Nemelex Xobeh.
   257 | D:1      | Reached XP level 2. HP: 15/15 MP: 6/8
   874 | D:2      | Reached XP level 3. HP: 19/19 MP: 7/10
   882 | D:2      | Learned a level 2 spell: Passwall
   886 | D:2      | Learned a level 3 spell: Stone Arrow
  1438 | D:2      | Reached skill level 4 in Spellcasting
  1715 | D:2      | Reached XP level 4. HP: 24/24 MP: 8/12
  1741 | D:2      | Found an ancient bone altar of Kikubaaqudgha.
  1748 | D:2      | Reached skill level 5 in Spellcasting
  1748 | D:2      | Reached XP level 5. HP: 25/28 MP: 8/14
  2406 | D:3      | Reached skill level 5 in Earth Magic
  2620 | D:3      | Reached skill level 6 in Spellcasting
  3331 | D:3      | Learned a level 4 spell: Petrify
  3337 | D:3      | Learned a level 5 spell: Lee's Rapid Deconstruction
  3349 | D:4      | Found a staircase to the Ecumenical Temple.
  3420 | Temple   | Entered the Ecumenical Temple
  3574 | Temple   | Became a worshipper of Sif Muna the Loreminder
  3671 | D:4      | Reached XP level 6. HP: 32/32 MP: 10/17
  4387 | D:4      | Reached skill level 1 in Fighting
  4387 | D:4      | Reached skill level 1 in Invocations
  4705 | D:5      | Entered Level 5 of the Dungeon
  4722 | D:5      | Reached skill level 7 in Spellcasting
  4722 | D:5      | Reached XP level 7. HP: 38/38 MP: 4/19
  4726 | D:5      | Reached skill level 1 in Conjurations
  4927 | D:5      | Found a blossoming altar of Fedhas.
  5115 | D:5      | Reached * piety under Sif Muna
  5690 | D:5      | Reached skill level 8 in Spellcasting
  5932 | D:6      | Reached XP level 8. HP: 44/44 MP: 15/22
  6028 | D:6      | Found a hide-covered altar of Uskayaw.
  6058 | D:6      | Noticed Prince Ribbit
  6061 | D:6      | Killed Prince Ribbit
  6342 | D:6      | Reached skill level 9 in Spellcasting
  6551 | D:6      | Noticed Maggie
  6559 | D:6      | Killed Maggie
  6857 | D:6      | Reached XP level 9. HP: 27/51 MP: 7/24
  7238 | D:6      | Found a runed translucent door.
  7239 | D:6      | Noticed Crazy Yiuf
  7309 | D:6      | Found a shimmering blue altar of Sif Muna.
  7370 | D:6      | Found an opulent altar of Gozag.
  7473 | D:6      | Killed Crazy Yiuf
  7631 | D:7      | Found a stormy altar of Qazlal.
  7784 | D:7      | Found an ornate altar of the Wu Jian Council.
  7790 | D:7      | Reached ** piety under Sif Muna
  7861 | D:7      | Reached skill level 10 in Spellcasting
  8845 | D:7      | Learned a level 5 spell: Fireball
  8907 | D:7      | Reached skill level 1 in Fire Magic
  8907 | D:7      | Reached skill level 5 in Invocations
  9173 | D:8      | Noticed a two-headed ogre
  9177 | D:8      | Killed a two-headed ogre
  9403 | D:8      | Reached XP level 10. HP: 55/57 MP: 2/26
  9589 | D:8      | Noticed Joseph
  9607 | D:8      | Found a white marble altar of Elyvilon.
  9877 | D:8      | Reached skill level 11 in Spellcasting
  9877 | D:8      | Reached skill level 5 in Conjurations
  9963 | D:8      | Noticed Erica
 10116 | D:8      | Killed Erica
 10583 | D:8      | Found a staircase to the Lair.
 10747 | D:8      | Found a shimmering altar of Xom.
 10804 | D:8      | Killed Joseph
 11026 | D:9      | Reached *** piety under Sif Muna
 11483 | D:9      | Noticed Psyche
 11497 | D:9      | Killed Psyche
 11497 | D:9      | Reached skill level 5 in Fighting
 11497 | D:9      | Reached skill level 12 in Spellcasting
 11809 | D:9      | Reached skill level 10 in Earth Magic
 12185 | D:9      | Learned a level 3 spell: Ozocubu's Armour
 12190 | D:9      | Learned a level 4 spell: Cause Fear
 12374 | D:10     | Entered Level 10 of the Dungeon
 12517 | D:10     | Reached XP level 11. HP: 62/63 MP: 3/29
 12527 | D:10     | Reached **** piety under Sif Muna
 12712 | D:10     | Reached skill level 1 in Charms
 13117 | D:10     | Reached skill level 1 in Hexes
 13260 | D:10     | Reached skill level 1 in Ice Magic
 13575 | D:11     | Found a staircase to the Orcish Mines.
 13786 | D:11     | Noticed a centaur warrior
 13788 | D:11     | Killed a centaur warrior
 13926 | D:11     | Noticed a six-headed hydra
 13928 | D:11     | Killed a six-headed hydra
 13960 | D:11     | Noticed an ogre mage
 14071 | D:11     | Reached skill level 13 in Spellcasting
 14072 | D:11     | Killed an ogre mage
 14082 | D:11     | Killed a green ugly thing
 14213 | D:11     | Noticed a brown ugly thing
 14215 | D:11     | Killed a brown ugly thing
 14325 | D:11     | Killed an unseen horror
 14348 | D:11     | Noticed a two-headed ogre
 14672 | D:11     | Killed a two-headed ogre
 14672 | D:11     | Reached XP level 12. HP: 70/70 MP: 15/31
 15185 | D:11     | Noticed a centaur warrior
 15192 | D:11     | Killed a centaur warrior
 15572 | D:11     | Found a shimmering blue altar of Sif Muna.
 15580 | D:11     | Reached ***** piety under Sif Muna
 15593 | D:11     | Found a shimmering altar of Xom.
 15593 | D:11     | Found a stormy altar of Qazlal.
 15595 | D:11     | Found a hazy altar of Hepliaklqana.
 15595 | D:11     | Found an ancient bone altar of Kikubaaqudgha.
 15595 | D:11     | Found a glowing silver altar of Zin.
 15670 | D:12     | Identified Zifustruzuu's Compendium of the Arsonist and
                  | Orientation (Sif Muna gifted it to you on level 12 of the
                  | Dungeon)
 15670 | D:12     | Received a gift from Sif Muna
 15671 | D:12     | Reached skill level 14 in Spellcasting
 15918 | D:12     | Noticed a seven-headed hydra
 16025 | D:12     | Noticed an eight-headed hydra
 16610 | D:11     | Learned a level 5 spell: Bolt of Magma
 18250 | D:13     | Reached skill level 15 in Spellcasting
 18714 | D:13     | Found a gate to the Vaults.
 19473 | D:12     | Reached XP level 13. HP: 76/76 MP: 19/34
 19958 | D:12     | Found a roughly hewn altar of Beogh.
 20792 | D:14     | Found a runed translucent door.
 20792 | D:14     | Noticed an ettin
 20818 | D:14     | Received a gift from Sif Muna
 20831 | D:14     | Learned a level 6 spell: Iron Shot
 21195 | D:14     | Found a frozen archway.
 21204 | D:14     | Reached skill level 16 in Spellcasting
 21274 | IceCv    | Entered an ice cave
 22051 | IceCv    | Found the +8 orange crystal plate armour {Archmagi, Int+3
                  | Clar}
 22410 | D:14     | Reached skill level 10 in Invocations
 22491 | D:14     | Got a faintly glowing war axe
 22492 | D:14     | Identified the +5 war axe of Putrescence {vorpal, rF+} (You
                  | found it on level 14 of the Dungeon)
 22527 | D:14     | Noticed Azrael
 22535 | D:14     | Killed from afar by Azrael

Illustrated notes

Levels and vault maps discovered:
D:1:      dpeg_arrival_shrine, layout_basic, st_stairs_6,
          nemelex_xobeh_ov_fountains_minmay
D:2:      layout_loops_ring, kennysheep_vampire_church
D:3:      layout_loops_ring, minmay_rat_hole
D:4:      layout_cave_pods, temple_green
D:5:      layout_loops_ring, first_ration, fedhas_ov_isle_minmay
D:6:      layout_loops_cross, grunt_gozag_breadcrumbs,
          nicolae_overflow_crystal_walls, led_sif_pool, uniq_crazy_yiuf_cottage,
          uniq_prince_ribbit1, uniq_maggie
D:7:      layout_gridville, kennysheep_mini, basic_altar, the_bakery
D:8:      layout_cave_pools, grunt_temple_overflow_open, erik_lair_dragon,
          serial_glass, glass_columns_a, glass_columns_a,
          hangedman_abyss_or_decor_slice, uniq_joseph, uniq_erica
D:9:      cheibrodos_fzero, layout_basic, uniq_psyche
D:10:     layout_loops_ring
D:11:     minmay_the_grid_octo_tiled_squarecenter
          [minmay_the_grid_octo_fan_narrow, minmay_the_grid_octo_horde,
          minmay_the_grid_octo_pinwheel, minmay_the_grid_octo_concentric,
          minmay_the_grid_square_5x5_megaprize_open,
          minmay_the_grid_square_5x5_inverted_slash,
          minmay_the_grid_square_5x5_longway,
          minmay_the_grid_square_5x5_eight_small,
          minmay_the_grid_square_5x5_minimal], layout_loops_ring, orc_0_dummy,
          doesnt_xom_only_xom
D:12:     layout_rooms, special_room [special_room_orc]
D:13:     layout_basic, david_vaults_1
D:14:     layout_roguey, portal_ice_cave_rime, kennysheep_treasure_room,
          uniq_azrael
Temple:   eino_temple_scatter_basement

Skill      XL: |  1  2  3  4  5  6  7  8  9 10 11 12 13 |
---------------+----------------------------------------+-----
Stealth        | 3 |  3.0
Dodging        | 3 |  3.0
Earth Magic    | 4 5 6 7 9 10 11 12 13 | 13.4
Spellcasting   | 4 5 6 7 8 9 10 12 13 15 16 | 16.3
Fighting       | 1 2 3 4 5 6 7 |  7.7
Invocations    | 1 2 4 5 6 7 9 10 | 10.0
Conjurations   | 1 2 4 6 7 |  7.8
Fire Magic     | 2 |  2.0
Transmutations | 2 |  2.0
Charms         | 2 |  2.0
Hexes          | 4 |  4.0
Ice Magic      | 2 |  2.0

Action                   |  1- 3 |  4- 6 |  7- 9 | 10-12 | 13-15 || total
-------------------------+-------+-------+-------+-------+-------++-------
Melee: Spear             |     7 |       |       |       |       ||     7
       Dagger            |    16 |    48 |     4 |     1 |       ||    69
       Broad axe         |       |       |       |    19 |       ||    19
       Staff             |       |       |       |       |     1 ||     1
 Cast: Sandblast         |    40 |    56 |    50 |    86 |    30 ||   262
       Stone Arrow       |       |    31 |   115 |   156 |    41 ||   343
       Lee's Rapid Decon |       |       |     6 |   105 |    58 ||   169
       Fireball          |       |       |       |     2 |     7 ||     9
       Petrify           |       |       |       |     2 |     1 ||     3
       Cause Fear        |       |       |       |     2 |       ||     2
       Bolt of Magma     |       |       |       |     1 |       ||     1
       Ozocubu's Armour  |       |       |       |     1 |       ||     1
  Use: Potion            |       |     3 |       |     2 |       ||     5
       Scroll            |       |       |     7 |     8 |     2 ||    17
 Stab: Sleeping          |     3 |     2 |       |     1 |       ||     6
  Eat: Chunk             |     1 |    11 |    11 |    30 |     6 ||    59
       Ration            |       |       |     1 |     2 |     1 ||     4
Armor: Robe              |     9 |    13 |     8 |       |       ||    30
       Steam dragon scal |       |       |     3 |    36 |     7 ||    46
Dodge: Dodged            |    26 |    50 |    34 |   108 |    21 ||   239
